 Dungeon Crawl Stone Soup version 0.18-a0-1273-g8ec5f8e (webtiles) character file.

877 Chiseanne the Skirmisher (level 7, -8/62 HPs)
             Began as a Centaur Air Elementalist on Feb 7, 2016.
             Was an Initiate of Gozag.
             Mangled by Prince Ribbit (18 damage)
             ... on level 5 of the Dungeon.
             The game lasted 00:17:19 (8027 turns).

Chiseanne the Skirmisher (Centaur Air Elementalist) Turns: 8027, Time: 00:17:20

Health: -8/62      AC:  6    Str: 11    XL:     7   Next: 75%
Magic:  5/20       EV: 10    Int: 16    God:    Gozag
Gold:   105        SH:  2    Dex:  9    Spells: 3 memorised, 6 levels left

rFire  . . .     SeeInvis .     a - +2 whip (flame)
rCold  . . .     Gourm    .     q - +2 robe {MR+}
rNeg   . . .     Faith    .     (no shield)
rPois  .         Spirit   .     (no helmet)
rElec  .         Dismiss  .     (no cloak)
rCorr  .         Reflect  +     (no gloves)
SustAt .         Harm     .     (no barding)
MR     +....                    s - +2 amulet of reflection
Stlth  +.........               (no ring)
                                m - ring of magical power

@: very slightly contaminated, repel missiles, very quick, somewhat resistant to
hostile enchantments, very unstealthy
A: hooves 3, deformed body, speed 2, tough skin 3
a: Potion Petition, Call Merchant, Bribe Branch, Renounce Religion


You were on level 5 of the Dungeon.
You worshipped Gozag.
Gozag was noncommittal.
You were not hungry.

You visited 2 branches of the dungeon, and saw 7 of its levels.

You collected 270 gold pieces.
You spent 115 gold pieces at shops.
You paid 50 gold pieces to Gozag.

Inventory:

Hand Weapons
 a - a +2 whip of flaming (weapon)
 g - a +0 hand crossbow
Missiles
 d - 97 arrows
 f - 7 tomahawks (quivered)
 n - 45 sling bullets
 p - 73 bolts
 x - 12 poisoned sling bullets
 A - 16 bolts of frost
Armour
 q - a +2 robe of magic resistance (worn)
 C - a +2 leather armour of magic resistance
Jewellery
 m - a ring of magical power (left hand)
 s - a +2 amulet of reflection (around neck)
 t - an uncursed ring of ice
 D - an uncursed amulet of rage {unknown}
Scrolls
 e - 5 scrolls of teleportation
 v - a scroll of remove curse
 y - a scroll of amnesia
Potions
 h - 3 potions of curing
 i - a potion of lignification
 k - a potion of resistance {unknown}
 l - a potion of invisibility {unknown}
 o - 4 potions of heal wounds
 r - a potion of cure mutation
 u - a potion of berserk rage
 w - a potion of might {unknown}
 B - 3 potions of brilliance
Books
 b - a book of Air

   Spells                             Type                      Level
   a - Shock                          Conjuration/Air              1
   b - Swiftness                      Charms/Air                   2
   c - Repel Missiles                 Charms/Air                   2
   d - Static Discharge               Conjuration/Air              3
   e - Lightning Bolt                 Conjuration/Air              5
 z - a book of the Dragon

   Spells                             Type                      Level
   a - Flame Tongue                   Conjuration/Fire             1
   b - Cause Fear                     Hexes                        4
   c - Bolt of Fire                   Conjuration/Fire             6
   d - Dragon Form                    Transmutation                7
   e - Dragon's Call                  Summoning                    9
Comestibles
 c - 2 bread rations
 j - 3 meat rations


   Skills:
 * Level 5.9 Fighting
 - Level 3.4 Dodging
 - Level 1.2 Stealth
 * Level 3.2 Spellcasting
 - Level 0.8 Conjurations
 + Level 3.6 Air Magic


You had 6 spell levels left.
You knew the following spells:

 Your Spells              Type           Power        Failure   Level  Hunger
a - Shock                 Conj/Air       #...         10%         1    None
b - Repel Missiles        Chrm/Air       #.....       14%         2    ##.....
c - Static Discharge      Conj/Air       #.......     21%         3    ###....


Dungeon Overview and Level Annotations

Branches:
Dungeon (6/15)             Temple (1/1) D:5

Altars:
Ashenzari
Cheibriados
Dithmenos
Fedhas
Gozag
Kikubaaqudgha
Makhleb
Nemelex Xobeh
Okawaru
Qazlal
Ru
Sif Muna
Vehumet
Xom
Zin
The Shining One

Shops:
D:5 !

Annotations:
D:5 exclusion: door, Prince Ribbit


Innate Abilities, Weirdness & Mutations

You have hooves in place of feet.
Armour fits poorly on your strangely shaped body.
You cover ground very quickly.
You have extremely tough skin (AC +3).


Message History

Casting: Static Discharge
Confirm with . or Enter, or press ? or * to list all spells.
Prince Ribbit is struck by lightning.
Prince Ribbit is heavily wounded.
The lightning grounds out.
Prince Ribbit hits you!
* * * LOW HITPOINT WARNING * * *
Prince Ribbit completely misses you.
Prince Ribbit says, "You're just another fly to me."
Prince Ribbit croaks regally.
Prince Ribbit croaks regally.
There is an escape hatch in the ceiling here.
You closely miss Prince Ribbit. Your kick misses Prince Ribbit.
Prince Ribbit is heavily wounded.
Prince Ribbit misses you.
You hit Prince Ribbit. You burn Prince Ribbit.
Your kick passes through Prince Ribbit as he momentarily phases out.
Prince Ribbit is heavily wounded.
Prince Ribbit closely misses you. Prince Ribbit hits you!!
You die...
Your body crumbles into a pile of gold.

#....#
##.#....###PP.##.
#...##
#......##PP##...
#...#
##.....###P.....
#...#
#.....##P.P.#..
#..## ###
##.#..##.##..#.
#### #.## #....#
#.P.... #..##
#>...######...
##...#
#.##.#≈≈##...P
#...@#
#.####P≈≈##.##
#...F###.#
#.P≈≈##.#
#.....#..#
#..≈≈≈##.
#.....#..#
#P..≈≈≈##
##....#.##
####P.≈≈#
##...#.#
#..#.≈≈≈≈ ##....#
#..#≈≈≈≈≈ ####.#
#..#≈≈≈≈≈ #.#
#..#.≈≈≈≈


You could see Prince Ribbit.

Vanquished Creatures
  The ghost of Chiseanne the Skirmisher, an amateur CeAE (D:3)
  A water moccasin (D:5)
  A centaur (D:5)
  An ogre (D:4)
  A giant frog (D:6)
  2 crimson imps
  An orc priest (D:4)
  3 orc wizards
  Jessica (D:1)
  A worker ant (D:5)
  A killer bee zombie (D:5)
  3 gnolls (D:5)
  4 adders
  2 oozes
  An adder skeleton (D:5)
  2 worms
  6 giant geckos
  7 orcs
  7 giant cockroaches
  6 goblins
  9 hobgoblins
  12 jackals
  5 kobolds
  2 quokkas
  2 ball pythons
  4 bats
  5 giant newts
  2 quokka skeletons
  6 rats
99 creatures vanquished.

Notes
Turn   | Place    | Note
--------------------------------------------------------------
     0 | D:1      | Chiseanne the Centaur Air Elementalist began the quest for the Orb.
     0 | D:1      | Reached XP level 1. HP: 14/14 MP: 3/3
   439 | D:1      | Reached skill level 1 in Fighting
   805 | D:1      | Reached XP level 2. HP: 23/23 MP: 4/4
  1102 | D:2      | Noticed Jessica
  1694 | D:1      | Reached XP level 3. HP: 22/30 MP: 0/5
  1971 | D:2      | Found a shadowy altar of Dithmenos.
  1989 | D:2      | Reached skill level 3 in Fighting
  2134 | D:1      | Killed Jessica
  2134 | D:1      | Reached XP level 4. HP: 4/40 MP: 4/6
  2644 | D:2      | Found a burning altar of Makhleb.
  2711 | D:2      | Reached skill level 4 in Fighting
  3032 | D:3      | Noticed Chiseanne's ghost (amateur CeAE)
  3051 | D:3      | Killed Chiseanne's ghost
  3051 | D:3      | Reached XP level 5. HP: 21/47 MP: 7/7
  3335 | D:3      | Found a sparkling altar of Nemelex Xobeh.
  3733 | D:3      | Found a radiant altar of Vehumet.
  3979 | D:3      | Reached XP level 6. HP: 49/53 MP: 8/8
  4380 | D:3      | Learned a level 2 spell: Repel Missiles
  4397 | D:3      | Learned a level 3 spell: Static Discharge
  5077 | D:4      | Reached skill level 5 in Fighting
  5401 | D:5      | Entered Level 5 of the Dungeon
  5484 | D:5      | Reached XP level 7. HP: 56/61 MP: 10/10
  5502 | D:5      | Found a blossoming altar of Fedhas.
  5528 | D:5      | Found a staircase to the Ecumenical Temple.
  5598 | Temple   | Entered the Ecumenical Temple
  5689 | Temple   | Became a worshipper of Gozag Ym Sagoz the Greedy
  6115 | D:5      | Found Lymouph's Distillery.
  6121 | D:5      | Bought a potion of berserk rage for 55 gold pieces
  6121 | D:5      | Bought a potion of lignification for 33 gold pieces
  6121 | D:5      | Bought a potion of mutation for 27 gold pieces
  7219 | D:5      | Noticed Prince Ribbit
  8027 | D:5      | Mangled by Prince Ribbit

Vault maps used:
D:1:      dpeg_arrival_rhombus, minmay_misc_feat_five
D:2:      bloody_makhleb, nicolae_dithmenos_through_a_glass_darkly, uniq_jessica
D:3:      vehumet_altar_wand_db, st_stairs_10, nemelex_xobeh_ov_fountains_minmay
D:5:      wad_lake_hut, old_standard_altar, temple_fountains, serial_shops,
          kennysheep_little_box, first_bread, uniq_prince_ribbit1
D:6:      guppyfry_early_elven_hall
Temple:   oiseaux_autumnal_temple_12

Action                   |  1- 3 |  4- 6 |  7- 9 || total
-------------------------+-------+-------+-------++-------
Melee: Hand axe          |    99 |       |       ||    99
       Unarmed           |     8 |       |       ||     8
       Whip              |       |   168 |    78 ||   246
 Cast: Shock             |     9 |    22 |    33 ||    64
       Repel Missiles    |       |     1 |       ||     1
       Static Discharge  |       |       |     4 ||     4
  Use: Scroll            |     5 |     5 |     5 ||    15
       Potion            |       |     1 |     1 ||     2
  Eat: Chunk             |     3 |    10 |       ||    13
       Bread ration      |       |       |     1 ||     1
       Pizza             |       |       |     1 ||     1
       Beef jerky        |       |       |     1 ||     1
